 Dungeon Crawl Stone Soup version 0.31-a0-219-g8d62b2e7bb (webtiles) character file.

Game seed: 6436094903202211555

579459 Midn8 the Conqueror (level 25, -12/282 HPs)
             Began as a Yellow Draconian Berserker on July 3, 2023.
             Was the Champion of Trog.
             Mangled by a green draconian monk (25 damage)
             ... on level 5 of the Realm of Zot.
             The game lasted 04:25:03 (68673 turns).

Midn8 the Conqueror (Yellow Draconian Berserker)   Turns: 68673, Time: 04:25:04

Health: -12/282    AC: 21    Str: 19    XL:     25   Next: 89%
Magic:  7/7        EV: 34    Int: 13    God:    Trog [******]
Gold:   5160       SH: 19    Dex: 28    Spells: 24/24 levels left

rFire   + . .        L - +9 quick blade (antimagic)
rCold   . . .        Q - +2 kite shield {rF+}
rNeg    + . .        (body armour unavailable)
rPois   +            o - +2 hat
rElec   .            D - +4 dragonskin cloak
rCorr   +            h - +2 pair of gloves
SInv    .            t - +2 pair of boots
Will    +++++        y - amulet "Deofral" {Rampage Will+ Regen+}
Stlth   +++          T - ring "Ejis" {Will+ Dex+6 Slay+3}
HPRegen 1.47/turn    N - ring "Kasafir" {rPois rN+ Will+++ Slay+5}
MPRegen 0.10/turn

%: rampage
@: corroded, contaminated, hasted, glowing, very quick
A: spit acid, AC +12, unfitting armour, acidic bite, cold-blooded, acid
resistance, horns 1, agile 1, clever 1, mutation resistance 1, robust 1
}: 3/15 runes: barnacled, silver, gossamer
a: Breathe Acid, Renounce Religion, Berserk, Trog's Hand, Brothers in Arms


You were on level 5 of the Realm of Zot.
You worshipped Trog.
Trog was exalted by your worship.
You visited 9 branches of the dungeon, and saw 47 of its levels.
You also visited: Ossuary, Gauntlet, Wizlab and Desolation.

You collected 9428 gold pieces.
You spent 4268 gold pieces at shops.

Inventory:

Hand Weapons
 L - a +9 antimagic quick blade (weapon)
Missiles
 a - 13 silver javelins
 i - 10 curare-tipped darts
 q - 45 poisoned darts
 u - 14 boomerangs (quivered)
 I - 4 throwing nets
 W - 10 atropa-tipped darts
Armour
 h - a +2 pair of gloves (worn)
 o - a +2 hat (worn)
 t - a +2 pair of boots (worn)
 D - the +4 dragonskin cloak (worn)
   (You took it off Tiamat on level 3 of the Realm of Zot)

   Avatar's Aegis: It grants the wearer a chance to resist fire, cold, poison,
   electricity, acid, and negative energy.
 Q - a +2 kite shield of fire resistance (worn)
Jewellery
 c - a ring of protection from fire
 k - the ring of Impatience {+Blink Int+6}
   (You found it on level 4 of the Shoals)

   [ring of intelligence]

   Int:       It affects your intelligence (+6).
   +Blink:    It lets you blink.
 y - the amulet "Deofral" (around neck) {Rampage Will+ Regen+}
   (You found it on level 3 of the Depths)

   [amulet of regeneration]

   Regen:     It increases your rate of health regeneration.
   Rampage:   It bestows one free step when moving towards enemies.
   Will:      It increases your willpower.
 G - the ring "Siabbung" {rElec Str+4 Slay+4}
   (You took it off a deep elf death mage on level 3 of the Elven Halls)

   [ring of slaying]

   Str:       It affects your strength (+4).
   Slay:      It affects your accuracy & damage with ranged weapons and melee
   (+4).
   rElec:     It insulates you from electricity.
 M - a +4 ring of protection
 N - the ring "Kasafir" (right hand) {rPois rN+ Will+++ Slay+5}
   (You bought it in a shop on level 3 of the Shoals)

   [ring of positive energy]

   Slay:      It affects your accuracy & damage with ranged weapons and melee
   (+5).
   rPois:     It protects you from poison.
   rN:        It protects you from negative energy.
   Will:      It greatly increases your willpower.
 R - a ring of fire
 S - a ring of flight
 T - the ring "Ejis" (left hand) {Will+ Dex+6 Slay+3}
   (You found it in the Desolation of Salt)

   [ring of dexterity]

   Dex:       It affects your dexterity (+6).
   Slay:      It affects your accuracy & damage with ranged weapons and melee
   (+3).
   Will:      It increases your willpower.
Wands
 b - a wand of digging (16)
 f - a wand of mindburst (41)
 s - a wand of flame (146)
 J - a wand of paralysis (49)
 P - a wand of acid (10)
 U - a wand of iceblast (76)
 V - a wand of polymorph (33)
Scrolls
 p - 19 scrolls of teleportation
 x - 3 scrolls of blinking
 A - 8 scrolls of revelation
 B - 8 scrolls of fog
 C - a scroll of summoning
 E - 13 scrolls of fear
 H - 33 scrolls of identify
 Y - a scroll of silence
Potions
 d - 4 potions of cancellation
 j - 6 potions of haste
 l - 15 potions of curing
 m - 6 potions of mutation
 n - 4 potions of resistance
 r - 10 potions of ambrosia
 w - 8 potions of might
 z - 9 potions of heal wounds
 K - 2 potions of berserk rage
 O - 3 potions of invisibility
 Z - 12 potions of enlightenment
Miscellaneous
 e - a phial of floods
 g - a lightning rod (4/4)
 v - a phantom mirror
 F - a tin of tremorstones (2/2)
 X - a piece from Xom's chessboard (15/15)


   Skills:
 O Level 27 Fighting
 - Level 11.2(14.0) Short Blades
 - Level 13.3(15.0) Long Blades
 - Level 20.0 Throwing
 + Level 21.0 Dodging
 - Level 15.0 Stealth
 - Level 18.0 Shields
 - Level 8.0 Evocations


You had 24 spell levels left.
You didn't know any spells.
Your spell library was empty.

Dungeon Overview and Level Annotations

Branches:
Dungeon (15/15)            Temple (0/1) D:5            Lair (5/5) D:9
 Shoals (4/4) Lair:2       Spider (4/4) Lair:3        Slime (0/5) Lair:4
    Orc (2/2) D:11            Elf (3/3) Orc:2        Vaults (5/5) D:13
  Crypt (0/3) Vaults:2     Depths (4/4) D:15            Zot (5/5) Depths:4
Ossuary (visited)          WizLab (visited)         Desolation (visited)
Gauntlet (visited)

Altars:
Ashenzari
Dithmenos
Elyvilon
Fedhas
Gozag
Kikubaaqudgha
Nemelex Xobeh
Okawaru
Qazlal
Sif Muna
Trog
Uskayaw
Wu Jian
Zin
Jiyva

Shops:
D:13 *   D:14 *   Orc:2 *[[   Elf:1 =:=   Elf:2 =!*(   Shoals:1 (::((
Shoals:3 [(*!(   Vaults:1 (   Depths:1 *

Portals:
Hell: Depths:1 Depths:2 Depths:3 Depths:4
Abyss: Depths:3
Pandemonium: Depths:1 Depths:2
Ziggurat: Depths:3
Bazaar: Elf:2

Annotations:
D:8 6 transporters
Lair:1 3 runed translucent doors, rabbitsville's ghost, journeyman HOFE
Lair:5 exclusion: 3 doors
Elf:2 3 runed translucent doors
Zot:5 1 exclusion


Innate Abilities, Weirdness & Mutations

You can spit globs of acid.
Your golden yellow scales are hard. (AC +12)
You cannot fit into any form of body armour.
You have acidic saliva.
You are cold-blooded and may be slowed by cold attacks.
You are resistant to acid. (rCorr)
You have a pair of small horns on your head.
You are agile. (Dex +4, Str/Int -1)
Your mind is acute. (Int +4, Str/Dex -1)
You are somewhat resistant to further mutation.
You are robust. (+10% HP)


Message History

You block the Orb Guardian's attack. The golden dragon misses you.
The golden dragon closely misses you. You block the golden dragon's attack.
Unknown command.
Blink to where?
Press: ? - help, Dir - move target A green draconian monk, a yellow draconian annihilator and a black draconian come into view.
As you read the scroll of blinking, it crumbles to dust.
The green draconian monk roars!
Unknown command.
A yellow draconian comes into view. It is wielding a +0 battleaxe.
The yellow draconian annihilator points at you and mumbles some strange words.
The entropic shot hits you!!!
* * * LOW HITPOINT WARNING * * *
Unknown command.
Unknown command.
You feel much better.
The yellow draconian annihilator spits acid at you.
The glob of acid hits you! You resist. The acid corrodes you!
Unknown command.
Your deep troll goes berserk!
Unknown command.
The yellow draconian spits acid at you. You block the glob of acid.
The yellow draconian annihilator points at you and mumbles some strange words.
The crystal spear hits you!!!
* * * LOW HITPOINT WARNING * * *
You block the green draconian monk's attack.
The green draconian monk kicks you!
* * * LOW HITPOINT WARNING * * *
The green draconian monk tail-slaps you but does no damage. x2
Unknown command.
You feel much better.
The black draconian breathes lightning at you.
The bolt of lightning hits you!! You resist.
* * * LOW HITPOINT WARNING * * *
The bolt of lightning misses you.
The yellow draconian annihilator hits you with a +0 long sword!
* * * LOW HITPOINT WARNING * * *
The green draconian monk hits you!!
You die...

#########▓▓▓▓########.########▓▓▓
........##▓▓▓#.^........,,,,,*
....§....##▓▓##.....)y.^..,,** *
..^.......## *...........,,* **
!..........# *#..........,** *,
...........# #...........* *,
...........# ##.........X.#* *,
.....^.....# #.........,,,,* *,
...*y....X.# ##.@.dd....,,,,** *,
...........###.Tqq......,,,,,***,
.....p....###...########***,,,***
.1....D.^##..X.## **,,,,*
....^X.X..DX.### ***,,,
##▓▓▓▓▓▓▓▓▓▓▓# **** .........▓▓▓▓
*** ............▓## ***,,
......§.......#* **,,,,


You could see a green draconian monk, a golden dragon, a black draconian, a
yellow draconian (catching breath), 2 Orb Guardians, a yellow draconian
annihilator (ally target), a moth of wrath and a friendly deep troll (summoned,
berserk).

Vanquished Creatures
  A dread lich (Depths:3)
  Tiamat (Zot:3)
  An orb of fire (Zot:1)
  Mennas (Depths:3)
  2 juggernauts
  Sojobo (D:15)
  3 Killer Klowns (Zot:5)
  Josephina (Depths:3)
  3 caustic shrikes (Depths:1)
  Xtahua (Depths:4)
  3 curse toes
  13 golden dragons
  2 bone dragons
  Jory (Depths:3)
  the Enchantress (Depths:4)
  Arachne (Spider:2)
  3 doom hounds (Depths:4)
  3 electric golems
  Jorgrun (Orc:1)
  Zenata (Elf:3)
  A walking crystal tome (Depths:3)
  2 Orb Guardians (Zot:5)
  A walking earthen tome (Depths:3)
  A walking frostbound tome (Depths:3)
  15 tentacled monstrosities
  3 liches (Vaults:5)
  Asterion (Depths:2)
  2 deep elf blademasters (Elf:3)
  Grunn (Depths:4)
  6 titans
  9 quicksilver dragons
  3 deep elf master archers (Elf:3)
  A sphinx (Vaults:2)
  6 death cobs
  10 tengu reavers
  Gastronok (Lair:3)
  15 storm dragons
  5 draconian monks
  8 shadow dragons
  4 draconian knights
  11 fire giants
  7 iron dragons
  3 emperor scorpions
  9 frost giants
  26 vault wardens
  A balrug (Depths:2)
  3 imperial myrmidons (Desolation)
  4 ghost moths
  7 deep elf elementalists (Elf:3)
  2 draconian scorchers
  3 draconian shifters (Zot:2)
  6 deep elf sorcerers
  2 orc warlords
  11 broodmothers
  A ghoul (Vaults:2)
  7 spriggan defenders
  6 draconian annihilators
  4 draconian stormcallers
  7 ironbound thunderhulks
  20 stone giants
  27 ironbound preservers
  2 war gargoyles
  17 very ugly things
  9 green draconians
  8 deep elf demonologists
  A vampire knight (Vaults:2)
  8 black draconians
  A reaper (Depths:2)
  10 deep elf annihilators
  17 dire elephants
  A lorocyproca (Depths:1)
  2 halazid warlocks (Desolation)
  15 purple draconians
  Azrael (D:12)
  6 red draconians
  7 white draconians
  8 yellow draconians
  A blizzard demon (Depths:2)
  9 spark wasps
  9 statues (WizLab)
  12 ettins
  2 crystal guardians
  7 merfolk impalers
  3 deep elf death magi
  10 fire dragons
  5 great orbs of eyes
  9 yaktaur captains
  6 entropy weavers
  6 ragged hierophants (Desolation)
  5 merfolk javelineers (Shoals:4)
  30 vault guards
  5 peacekeepers
  4 rakshasas
  8 deep elf high priests
  14 ice dragons
  5 servants of whispers (Desolation)
  An entropy weaver (shapeshifter) (D:11)
  Erolcha (D:13)
  An ogre mage (Vaults:5)
  A spriggan skeleton (Depths:3)
  9 centaur warriors
  12 spriggan air magi
  8 ironbound frosthearts
  4 hydras
  4 merfolk avatars
  2 jorogumos
  A catoblepas (Lair:4)
  A two-headed ogre (Orc:1)
  A death knight (D:13)
  A radroach (Spider:2)
  7 merfolk aquamancers
  A satyr (Shoals:4)
  An alligator snapping turtle (Shoals:2)
  2 vampire magi
  7 boulder beetles
  4 deep troll shamans
  11 spriggan berserkers
  10 deep troll earth magi
  18 tengu warriors
  3 demonic crawlers
  21 dancing weapons
  6 orc high priests
  5 hell hogs (Depths:2)
  Urug (Lair:5)
  Sonja (D:12)
  6 spriggans
  4 sun demons
  5 hell knights (Depths:3)
  Amaemon (Lair:3)
  A sixfirhy (Depths:1)
  9 iron trolls
  6 deep elf knights (Elf:1)
  2 shadow wraiths (Depths:2)
  4 soul eaters
  2 quicksilver dragon simulacra (Depths:2)
  9 skeletal warriors
  2 pharaoh ants
  3 flayed ghosts
  6 skysharks
  2 obsidian statues
  A spriggan druid (Depths:1)
  8 glowing orange brains
  An orb spider (shapeshifter) (Vaults:5)
  10 orb spiders
  79 deep trolls
  6 sea snakes
  28 ironbound convokers
  10 wizards
  16 deep elf archers
  33 deep elf zephyrmancers
  4 phantasmal warriors
  8 orc knights
  28 harpies
  9 lindwurms
  4 necromancers
  A tengu zombie (Depths:3)
  9 manticores
  7 steelbarb worms
  31 deep elf pyromancers
  17 wolf spiders
  31 ugly things
  4 fauns
  5 orc sorcerers
  5 cyclopes
  5 black mambas
  Maurice (D:12)
  19 moths of wrath
  7 elephants
  An ice statue (Depths:2)
  A water nymph (shapeshifter) (Depths:4)
  7 merfolk sirens
  6 water nymphs
  4 guardian serpents
  2 molten gargoyles (Desolation)
  A torpor snail (shapeshifter) (Depths:3)
  A storm dragon simulacrum (Depths:3)
  7 torpor snails
  24 vault sentinels
  An orange demon (Lair:3)
  2 unseen horrors
  14 cane toads
  2 gargoyles
  A kobold demonologist (D:11)
  2 rime drakes
  Psyche (D:11)
  7 komodo dragons
  A spark wasp simulacrum (Depths:3)
  3 freezing wraiths
  39 yaktaurs
  3 ice devils (Depths:2)
  3 red devils (Depths:1)
  23 tengu conjurers
  17 merfolk
  2 polar bears
  9 trolls
  16 wind drakes
  A queen bee (shapeshifter) (Vaults:5)
  7 hornets
  8 meliai (Spider:4)
  8 blink frogs
  8 dream sheep (Shoals:3)
  42 saltlings (Desolation)
  A raiju (shapeshifter) (D:14)
  16 tarantellas
  A fire giant simulacrum (Depths:3)
  A snapping turtle (Shoals:1)
  5 large abominations (Elf:1)
  29 jumping spiders
  13 slime creatures
  A jumping spider (shapeshifter) (D:15)
  A ynoxinul (Depths:1)
  29 yaks
  17 air elementals
  7 basilisks
  Eustachio (D:4)
  4 fire elementals
  20 culicivoras
  25 water elementals
  3 wraiths
  2 wyverns
  7 humans (D:13)
  2 steam dragons (D:7)
  A redback (shapeshifter) (Elf:1)
  43 redbacks
  6 vampire mosquitoes
  A chaos spawn (Depths:1)
  A warg (Orc:2)
  2 acid dragons (D:9)
  3 hell hounds (D:12)
  23 water moccasins
  An ice beast (D:7)
  23 orc warriors
  2 black bears
  3 ettin simulacra (Depths:2)
  3 sky beasts
  11 ogres
  4 boggarts (D:14)
  The ghost of lunkers the Slasher, an amateur MeWn of Ru (D:3)
  5 centaurs
  2 phantoms
  25 wolves
  5 kobold brigands
  6 earth elementals
  4 gnoll sergeants
  15 bullfrogs
  6 scorpions
  5 water moccasin zombies (Ossuary)
  4 wights
  7 small abominations (Elf:1)
  9 howler monkeys
  An electric eel (D:15)
  A jelly (D:4)
  A hound (shapeshifter) (Depths:2)
  A hound (D:5)
  2 gnoll boudas (D:6)
  24 orc priests
  2 sleepcaps
  Natasha (thrice) (D:4)
  5 iguanas
  19 orc wizards
  2 mummies (Ossuary)
  Robin (D:4)
  29 gnolls
  7 adders
  2 shadow imps
  A white imp (D:6)
  4 adder zombies (Ossuary)
  2 worms (D:3)
  A dart slug (D:2)
  72 orcs
  10 ball pythons
  9 endoplasms
  3 giant cockroaches
  13 goblins
  6 hobgoblins
  5 jackals
  23 kobolds
  4 quokkas
  11 bats
  A frilled lizard (D:2)
  4 gnoll zombies (Ossuary)
  4 hobgoblin zombies (Ossuary)
  4 kobold zombies (Ossuary)
  5 orc zombies (Ossuary)
  7 rats
2132 creatures vanquished.

Vanquished Creatures (collateral kills)
  2 Killer Klowns (Zot:5)
  Ilsuiw (Shoals:3)
  A manticore (Shoals:3)
  A merfolk siren (Shoals:3)
  3 merfolk (Lair:2)
  A tarantella (Spider:1)
  5 redbacks (Spider:1)
  5 wolves (Lair:4)
19 creatures vanquished.

Vanquished Creatures (others)
  An ancient lich (Vaults:5)
  An eldritch tentacle (Zot:2)
  A red draconian (Zot:1)
  2 vault guards (D:13)
  A deep elf knight (Elf:3)
  A wizard (Vaults:3)
  A spark wasp simulacrum (Depths:3)
  2 humans (D:13)
  A steam dragon (D:7)
  An ettin simulacrum (Depths:2)
  A centaur (D:7)
  A glowing shapeshifter simulacrum (Depths:3)
  2 orc wizards
16 creatures vanquished.

Grand Total: 2167 creatures vanquished

Notes
Turn   | Place    | Note
-------+----------+-------------------------------------------
     0 | D:1      | Midn8 the Draconian Berserker began the quest for the Orb.
     0 | D:1      | Reached XP level 1. HP: 19/19 MP: 1/1
   281 | D:1      | Reached XP level 2. HP: 26/26 MP: 2/2
   734 | D:2      | Reached XP level 3. HP: 31/31 MP: 3/3
   823 | D:2      | Reached ** piety under Trog
  1356 | D:3      | Identified the +2 spear of Mastery {vamp, *Corrode Dex+2
                  | SInv}
  1370 | D:3      | Reached skill level 5 in Long Blades
  1370 | D:3      | Reached XP level 4. HP: 20/38 MP: 4/4
  1536 | D:3      | Noticed a scorpion
  1542 | D:3      | Killed a scorpion
  1609 | D:3      | Found a runed translucent gate.
  1609 | D:3      | Found a runed translucent gate.
  1609 | D:3      | Found an opulent altar of Gozag.
  1610 | D:3      | Found a runed translucent gate.
  1611 | D:3      | Noticed lunkers's ghost (amateur MeWn)
  1641 | D:3      | Reached XP level 5. HP: 45/45 MP: 5/5
  1680 | D:3      | Found a glowing silver altar of Zin.
  1839 | D:3      | Reached skill level 4 in Fighting
  1839 | D:3      | Reached skill level 1 in Evocations
  2281 | D:3      | Killed lunkers's ghost
  2282 | D:3      | Reached XP level 6. HP: 52/52 MP: 6/6
  2388 | D:4      | Noticed Natasha
  2393 | D:4      | Killed Natasha
  2461 | D:4      | Noticed Robin
  2482 | D:4      | Killed Robin
  2587 | D:4      | Reached *** piety under Trog
  2914 | D:4      | Your scales start taking on a golden yellow colour.
  2914 | D:4      | Reached XP level 7. HP: 44/59 MP: 7/7
  2914 | D:4      | Gained mutation: You are resistant to acid. (rCorr) [Yellow
                  | Draconian growth]
  2925 | D:4      | Noticed Natasha
  2932 | D:4      | Killed Natasha
  3274 | D:4      | Noticed Natasha
  3282 | D:4      | Killed Natasha
  3292 | D:4      | Noticed Eustachio
  3312 | D:4      | Killed Eustachio
  3472 | D:5      | Entered Level 5 of the Dungeon
  3483 | D:5      | Reached skill level 5 in Fighting
  3533 | D:5      | Reached skill level 6 in Fighting
  3533 | D:5      | Reached XP level 8. HP: 47/70 MP: 8/8
  3748 | D:5      | Found a sparkling altar of Nemelex Xobeh.
  4091 | D:5      | Found a staircase to the Ecumenical Temple.
  4103 | D:5      | Reached skill level 1 in Short Blades
  4881 | D:6      | Found a broken altar of Ashenzari.
  4970 | D:6      | Found a sand-covered staircase.
  4976 | Ossuary  | Entered an ossuary
  5038 | Ossuary  | Reached **** piety under Trog
  5149 | Ossuary  | Reached XP level 9. HP: 75/75 MP: 9/9
  5304 | D:6      | Found an ancient bone altar of Kikubaaqudgha.
  5397 | D:6      | Found a shimmering blue altar of Sif Muna.
  5713 | D:6      | Reached skill level 7 in Fighting
  6034 | D:6      | Reached skill level 8 in Fighting
  6268 | D:6      | Found a white marble altar of Elyvilon.
  6276 | D:6      | Found a blossoming altar of Fedhas.
  6556 | D:7      | Reached skill level 5 in Dodging
  6585 | D:7      | Reached ***** piety under Trog
  6653 | D:7      | Noticed a troll
  6653 | D:7      | Noticed a centaur warrior
  6684 | D:7      | Killed a centaur warrior
  6685 | D:7      | Reached skill level 9 in Fighting
  6685 | D:7      | Reached XP level 10. HP: 53/91 MP: 10/10
  6888 | D:7      | Reached skill level 10 in Fighting
  6926 | D:7      | Noticed a gargoyle
  6932 | D:7      | Reached skill level 10 in Long Blades
  6949 | D:7      | HP: 4/93 [gargoyle/stone arrow (15)]
  7674 | D:7      | Found a stormy altar of Qazlal.
  7960 | D:7      | Killed a gargoyle
  8334 | D:8      | Found a transporter.
  8336 | D:8      | Found a transporter.
  8378 | D:8      | Found a transporter.
  8385 | D:8      | Found a transporter.
  8544 | D:8      | Reached skill level 5 in Short Blades
  8665 | D:8      | Found a transporter.
  8669 | D:8      | Found a transporter.
  9247 | D:9      | Found a staircase to the Lair.
  9247 | D:9      | Noticed an elephant
  9274 | D:9      | Killed an elephant
  9289 | D:9      | Reached XP level 11. HP: 99/99 MP: 11/11
  9472 | D:9      | Found a hide-covered altar of Uskayaw.
  9812 | D:9      | Found a shadowy altar of Dithmenos.
 10029 | D:10     | Entered Level 10 of the Dungeon
 10055 | D:10     | Reached skill level 5 in Evocations
 10228 | D:10     | Reached skill level 1 in Shields
 10657 | D:10     | Found an opulent altar of Gozag.
 11146 | Lair:1   | Entered Level 1 of the Lair of Beasts
 11351 | Lair:1   | Reached skill level 5 in Shields
 11394 | Lair:1   | Found an ornate altar of the Wu Jian Council.
 11623 | Lair:1   | Found a gate leading to a gauntlet.
 11633 | Gauntlet | Entered a Gauntlet
 11633 | Gauntlet | Found a transporter.
 11633 | Gauntlet | Found a transporter.
 11633 | Gauntlet | Found a runed translucent door.
 11633 | Gauntlet | Found a runed translucent door.
 11680 | Gauntlet | Found a transporter.
 11680 | Gauntlet | Found a transporter.
 11684 | Gauntlet | Found a transporter.
 11684 | Gauntlet | Found a transporter.
 11716 | Gauntlet | Found a transporter.
 11720 | Gauntlet | Found a transporter.
 11732 | Gauntlet | Found a transporter.
 11743 | Gauntlet | Found a runed translucent door.
 11746 | Gauntlet | Found a transporter.
 11748 | Gauntlet | Found a runed translucent door.
 11749 | Gauntlet | Noticed an obsidian statue
 11760 | Gauntlet | Found a transporter.
 11764 | Gauntlet | Found a transporter.
 11769 | Gauntlet | Noticed a death scarab
 12126 | Lair:1   | Found a runed translucent gate.
 12126 | Lair:1   | Found a runed translucent gate.
 12126 | Lair:1   | Found a runed translucent gate.
 12129 | Lair:1   | Noticed rabbitsville's ghost (journeyman HOFE)
 12331 | Lair:1   | Found a viscous altar of Jiyva.
 12655 | Lair:2   | HP: 4/99 [merfolk/+2 trident of protection (8)]
 12658 | Lair:2   | Found a staircase to the Shoals.
 12954 | Lair:2   | Reached XP level 12. HP: 75/106 MP: 12/12
 13616 | Lair:3   | Noticed Amaemon
 13840 | Lair:3   | Killed Amaemon
 13841 | Lair:3   | Reached skill level 10 in Shields
 14036 | Lair:3   | Noticed Gastronok
 14059 | Lair:3   | Killed Gastronok
 14276 | Lair:3   | Found a hole to the Spider Nest.
 14735 | Lair:3   | Found a hide-covered altar of Uskayaw.
 14735 | Lair:3   | Found an ornate altar of the Wu Jian Council.
 14735 | Lair:3   | Noticed a boulder beetle
 14754 | Lair:3   | Killed a boulder beetle
 15656 | Lair:4   | Noticed a five-headed hydra
 15674 | Lair:4   | Killed a five-headed hydra
 15746 | Lair:4   | Noticed a five-headed hydra
 15761 | Lair:4   | Killed a five-headed hydra
 15805 | Lair:4   | Noticed a boulder beetle
 15828 | Lair:4   | Killed a boulder beetle
 16233 | Lair:4   | Found a viscous altar of Jiyva.
 16234 | Lair:4   | Found a staircase to the Slime Pits.
 16281 | Lair:4   | Reached XP level 13. HP: 105/114 MP: 13/13
 16365 | Lair:4   | Reached skill level 11 in Fighting
 16747 | Lair:5   | Entered Level 5 of the Lair of Beasts
 16758 | Lair:5   | Reached skill level 12 in Fighting
 17097 | Lair:5   | Identified a scroll of acquirement
 17097 | Lair:5   | Acquired an amulet of reflection
 17360 | Lair:5   | Reached skill level 13 in Fighting
 17413 | Lair:5   | Noticed Urug
 17425 | Lair:5   | Killed Urug
 17834 | Lair:5   | Reached skill level 14 in Fighting
 17842 | Lair:5   | Received a gift from Trog
 18166 | Lair:5   | Noticed a dire elephant
 18166 | Lair:5   | Noticed a dire elephant
 18166 | Lair:5   | Noticed a dire elephant
 18186 | Lair:5   | Noticed a dire elephant
 18209 | Lair:5   | Killed a dire elephant
 18754 | D:11     | Noticed Psyche
 18770 | D:11     | Killed Psyche
 19305 | D:11     | Found a staircase to the Orcish Mines.
 19956 | D:12     | Noticed Maurice
 19960 | D:12     | Killed Maurice
 19982 | D:12     | Noticed Azrael
 20003 | D:12     | Killed Azrael
 20004 | D:12     | Gained mutation: You have acidic saliva. [Yellow Draconian
                  | growth]
 20004 | D:12     | Reached XP level 14. HP: 56/132 MP: 4/14
 20297 | D:12     | Reached skill level 10 in Short Blades
 20387 | D:12     | Noticed Sonja
 20391 | D:12     | Killed Sonja
 20682 | Orc:1    | Entered Level 1 of the Orcish Mines
 20767 | Orc:1    | Noticed Jorgrun
 20811 | Orc:1    | Killed Jorgrun
 21850 | Orc:2    | Entered Level 2 of the Orcish Mines
 21945 | Orc:2    | Noticed an orc warlord
 22160 | Orc:2    | Killed an orc warlord
 22161 | Orc:2    | Reached skill level 1 in Stealth
 22453 | Orc:2    | Found a staircase to the Elven Halls.
 22773 | Orc:2    | Received a gift from Trog
 23300 | Orc:2    | Reached skill level 5 in Stealth
 23488 | Orc:2    | Found Waah's Assorted Antiques.
 23488 | Orc:2    | Found Alost's Magic Scroll Shop.
 23490 | Orc:2    | Found Iwni's Antique Armour Emporium.
 23490 | Orc:2    | Found Xestuged's Antique Armour Shop.
 23496 | Orc:2    | Bought a potion of heal wounds for 175 gold pieces
 23649 | D:13     | Noticed Erolcha
 23660 | D:13     | Killed Erolcha
 24516 | D:13     | Found Amompebb's Overcharged Wands.
 24524 | D:13     | Bought a wand of polymorph (18) for 378 gold pieces
 24524 | D:13     | Bought a wand of iceblast (18) for 648 gold pieces
 24524 | D:13     | Bought a wand of iceblast (18) for 648 gold pieces
 24761 | D:13     | Reached skill level 15 in Fighting
 25467 | D:13     | Found a gate to the Vaults.
 25635 | D:14     | Received a gift from Trog
 26012 | D:14     | Reached skill level 16 in Fighting
 26022 | D:14     | Reached XP level 15. HP: 55/144 MP: 5/15
 26789 | D:14     | Found Kyfi's Blood Bar.
 26846 | D:15     | Entered Level 15 of the Dungeon
 27034 | Spider:1 | Entered Level 1 of the Spider Nest
 27389 | Spider:1 | Noticed an emperor scorpion
 27404 | Spider:1 | Reached skill level 1 in Throwing
 27429 | Spider:1 | Killed an emperor scorpion
 28219 | Spider:1 | Reached skill level 5 in Throwing
 28591 | Spider:1 | Received a gift from Trog
 28597 | Spider:1 | Gained mutation: You are vulnerable to cold. (rC-) [potion
                  | of mutation]
 28598 | Spider:1 | Lost mutation: You are vulnerable to cold. (rC-) [potion of
                  | mutation]
 28598 | Spider:1 | Gained mutation: You occasionally lose the ability to read
                  | scrolls when taking damage. [potion of mutation]
 28598 | Spider:1 | Gained mutation: You occasionally lose the ability to drink
                  | potions when taking damage. [potion of mutation]
 28598 | Spider:1 | Gained mutation: You are somewhat resistant to further
                  | mutation. [potion of mutation]
 28599 | Spider:1 | Lost mutation: You are somewhat resistant to further
                  | mutation. [potion of mutation]
 28599 | Spider:1 | Lost mutation: You occasionally lose the ability to read
                  | scrolls when taking damage. [potion of mutation]
 28599 | Spider:1 | Lost mutation: You occasionally lose the ability to drink
                  | potions when taking damage. [potion of mutation]
 28599 | Spider:1 | Gained mutation: You are agile. (Dex +4, Str/Int -1)
                  | [potion of mutation]
 28599 | Spider:1 | Gained mutation: You have a pair of small horns on your
                  | head. [potion of mutation]
 28599 | Spider:1 | Gained mutation: You are robust. (+10% HP) [potion of
                  | mutation]
 28750 | Spider:1 | Reached skill level 17 in Fighting
 30233 | Spider:2 | Noticed Arachne
 30257 | Spider:2 | Killed Arachne
 30605 | Spider:3 | Received a gift from Trog
 30859 | Spider:3 | Reached ****** piety under Trog
 30875 | Spider:3 | Reached XP level 16. HP: 127/170 MP: 5/16
 31629 | Spider:4 | Entered Level 4 of the Spider Nest
 32319 | Spider:3 | Reached skill level 10 in Throwing
 32660 | Spider:4 | Received a gift from Trog
 33786 | Spider:4 | Got a gossamer rune of Zot
 33793 | Spider:4 | going to sleep so using this for notes: can go either hat +
                  | res scarf or invis scarf or stay as is
 33793 | Spider:4 | Upgraded the game from 0.31-a0-217-g58bb5d79cf to
                  | 0.31-a0-219-g8d62b2e7bb
 33812 | Spider:4 | Acquired the +0 hat of Apathy {rElec rC- Slay+3}
 34060 | Shoals:1 | Entered Level 1 of the Shoals
 34587 | Shoals:1 | Received a gift from Trog
 34879 | Shoals:1 | Found Vefacwet's Book Boutique.
 34882 | Shoals:1 | Found Kuotoy's Weapon Shoppe.
 34901 | Shoals:1 | Found Guupsaen's Book Emporium.
 34903 | Shoals:1 | Found Cizengeu's Weapon Emporium.
 34915 | Shoals:1 | Bought 4 curare-tipped darts for 52 gold pieces
 34915 | Shoals:1 | Bought 5 atropa-tipped darts for 49 gold pieces
 35321 | Shoals:1 | Found Dih Cosch's Antique Weapon Shoppe.
 35417 | Shoals:1 | Identified the +11 chain mail of the Sun {Str+3}
 35534 | Shoals:2 | Reached XP level 17. HP: 158/178 MP: 5/17
 35846 | Shoals:2 | Reached skill level 18 in Fighting
 36121 | Shoals:3 | Found Muplehio's Antique Armour Shop.
 36146 | Shoals:3 | Found Koiwi's Antique Weapon Emporium.
 36397 | Shoals:3 | Found Visof's Distillery.
 36409 | Shoals:3 | Noticed Ilsuiw
 36430 | Shoals:3 | Found Rifiz's Assorted Antiques.
 36478 | Shoals:3 | Killed Ilsuiw
 36756 | Shoals:3 | Bought a potion of curing for 42 gold pieces
 36756 | Shoals:3 | Bought a potion of curing for 42 gold pieces
 36756 | Shoals:3 | Bought a potion of curing for 42 gold pieces
 36756 | Shoals:3 | Bought a potion of curing for 42 gold pieces
 36794 | Shoals:3 | Bought a smoking jade ring for 170 gold pieces
 36794 | Shoals:3 | Identified the ring "Modiumil" {Ice Dex+3} (You bought it
                  | in a shop on level 3 of the Shoals)
 36794 | Shoals:3 | Bought a steaming turquoise ring for 170 gold pieces
 36794 | Shoals:3 | Identified the ring "Kasafir" {rPois rN+ Will+++ Slay+5}
                  | (You bought it in a shop on level 3 of the Shoals)
 36794 | Shoals:3 | Bought a scroll labelled XICHAU SEELIOBLU for 34 gold
                  | pieces
 36935 | Shoals:3 | Found Tivabrio's Antique Weapon Shoppe.
 37091 | Shoals:4 | Entered Level 4 of the Shoals
 37209 | Shoals:4 | Reached skill level 19 in Fighting
 37460 | Shoals:4 | Found a shadowy altar of Dithmenos.
 37639 | Shoals:4 | Received a gift from Trog
 37741 | Shoals:4 | Paralysed by an air elemental for 1 turns
 37849 | Shoals:4 | Paralysed by an air elemental for 1 turns
 37918 | Shoals:4 | Reached skill level 10 in Dodging
 37991 | Shoals:4 | Paralysed by an air elemental for 1 turns
 38296 | Shoals:4 | Identified the +11 broad axe "Omot" {freeze, Will+}
 38463 | Shoals:4 | Got a barnacled rune of Zot
 38465 | Shoals:4 | Identified the ring of Impatience {+Blink Int+6}
 38473 | Shoals:4 | Identified the +10 falchion of Defence by Offence {freeze,
                  | *Noise Str+2 Dex+9}
 38476 | Shoals:4 | Identified the +3 leather armour of Depression {rF+ Will+
                  | Str+3 Int+2}
 39387 | D:15     | Found a staircase to the Depths.
 39564 | Elf:1    | Entered Level 1 of the Elven Halls
 39708 | Elf:1    | Received a gift from Trog
 39728 | Elf:1    | Reached XP level 18. HP: 161/193 MP: 6/18
 40286 | Elf:1    | Received a gift from Trog
 40331 | Elf:1    | Paralysed by an air elemental for 1 turns
 41000 | Elf:1    | Received a gift from Trog
 41164 | Elf:1    | Found Mahuz's Book Shop.
 41165 | Elf:1    | Found Coim's Jewellery Shoppe.
 41165 | Elf:1    | Found Baryid's Jewellery Shoppe.
 41228 | Elf:2    | Found Zuwevoap's Distillery.
 41235 | Elf:2    | Bought a potion of heal wounds for 80 gold pieces
 41235 | Elf:2    | Bought a potion of haste for 160 gold pieces
 41235 | Elf:2    | Bought a potion of haste for 160 gold pieces
 41235 | Elf:2    | Bought a potion of curing for 48 gold pieces
 41235 | Elf:2    | Bought a potion of curing for 48 gold pieces
 41235 | Elf:2    | Bought a potion of haste for 160 gold pieces
 41243 | Elf:2    | Found Cuadghoss's General Store.
 41498 | Elf:2    | Found a gateway to a bazaar.
 41612 | Elf:2    | Found Finu's Jewellery Boutique.
 41630 | Elf:2    | Paralysed by an air elemental for 1 turns
 41680 | Elf:2    | Found Ohuczuc's Antique Weapon Boutique.
 41763 | Elf:2    | Found a runed translucent gate.
 41763 | Elf:2    | Found a runed translucent gate.
 41763 | Elf:2    | Found a runed translucent gate.
 42007 | Elf:3    | Entered Level 3 of the Elven Halls
 42124 | Elf:2    | Found an ancient bone altar of Kikubaaqudgha.
 42178 | Elf:3    | Paralysed by an air elemental for 1 turns
 42246 | Elf:3    | Received a gift from Trog
 42322 | Elf:3    | Reached skill level 20 in Fighting
 42989 | Elf:3    | Identified the ring "Siabbung" {rElec Str+4 Slay+4}
 43026 | Elf:3    | Received a gift from Trog
 43084 | Elf:3    | Identified the ring of Ryxtixaff {rN+ MP+9 Int+2}
 43088 | Elf:3    | Identified the +0 robe "Kabiz" {+Inv rC++ Str+2}
 43095 | Elf:3    | Noticed a Tzitzimitl
 43323 | Elf:3    | Reached skill level 21 in Fighting
 43453 | Elf:3    | Reached XP level 19. HP: 170/207 MP: 6/19
 43462 | Elf:3    | Paralysed by an air elemental for 1 turns
 43825 | Elf:3    | Noticed Zenata
 43851 | Elf:3    | Received a gift from Trog
 43893 | Elf:3    | Killed Zenata
 44099 | Elf:3    | Identified the +2 sling "Jaun" {speed, Drain rElec Str+3
                  | Dex+2}
 44494 | Vaults:1 | Entered Level 1 of the Vaults
 44506 | Vaults:1 | Found a crumbling gateway.
 44511 | Desolati | Entered the Desolation of Salt
 44681 | Desolati | Received a gift from Trog
 44747 | Desolati | Identified the +7 great mace "Gauzusuqef" {protect, Dex+2}
 44749 | Desolati | Identified the ring "Ejis" {Will+ Dex+6 Slay+3}
 44843 | Desolati | Identified the +4 war axe of Insomnia {freeze, Str+4}
 45062 | Desolati | Identified the +9 falchion of Benevolence {holy, rElec rF+
                  | Dex+2}
 45096 | Desolati | Reached skill level 15 in Shields
 45154 | Desolati | Identified the +6 sling of Balance {heavy, Fly Str-5 Int+2
                  | Dex+5}
 45159 | Desolati | Identified the ring "Ofokifiugg" {rPois rF- rN+ Will++
                  | rCorr}
 45188 | Desolati | Identified the +0 plate armour of Zism {rElec Will+ Dex+2}
 45413 | Desolati | Identified the +6 morningstar of the Middle {drain, rElec
                  | rN+ Str-4}
 45834 | Vaults:1 | Received a gift from Trog
 45862 | Vaults:1 | Found Yterurph's Antique Weapon Boutique.
 46522 | Vaults:1 | Received a gift from Trog
 46825 | Vaults:1 | Reached XP level 20. HP: 196/217 MP: 6/20
 47521 | Vaults:2 | Reached skill level 22 in Fighting
 47529 | Vaults:2 | Received a gift from Trog
 47536 | Vaults:2 | Found a staircase to the Crypt.
 47555 | Vaults:2 | Found a magical portal.
 47560 | WizLab   | Entered Iskenderun's Mystic Tower
 49043 | WizLab   | Identified the +1 dagger "Grim" {venom, rElec rF+}
 49180 | Vaults:2 | Received a gift from Trog
 49200 | Vaults:2 | Reached skill level 23 in Fighting
 50249 | Vaults:3 | Identified the +12 arbalest "Hygas" {penet, Dex+3 Stlth+}
 50294 | Vaults:3 | Reached skill level 15 in Dodging
 50377 | Vaults:3 | Identified the +6 rapier "Hipsa" {heavy, rC- rCorr Str-5
                  | Dex+4} (Trog gifted it to you on level 3 of the Vaults)
 50377 | Vaults:3 | Received a gift from Trog
 50840 | Vaults:3 | Reached XP level 21. HP: 234/234 MP: 7/21
 51031 | Vaults:3 | Reached skill level 24 in Fighting
 51364 | Vaults:4 | Received a gift from Trog
 51675 | Vaults:4 | Reached skill level 25 in Fighting
 51910 | Vaults:4 | Received a gift from Trog
 52296 | Vaults:4 | Identified the +0 robe of Ceiffoci {Fly rPois rC- Int+8}
 52857 | Depths:1 | Entered Level 1 of the Depths
 53152 | Depths:1 | Reached skill level 26 in Fighting
 53155 | Depths:1 | Noticed Sojobo
 53171 | D:15     | Killed Sojobo
 53327 | D:15     | Received a gift from Trog
 53740 | Shoals:1 | Bought a manual of Dodging for 1120 gold pieces
 53977 | Depths:1 | Found a one-way gate leading to the halls of Pandemonium.
 54077 | Depths:1 | Found a gateway to Hell.
 54181 | Depths:1 | Noticed a caustic shrike
 54182 | Depths:1 | Noticed a caustic shrike
 54188 | Depths:1 | Killed a caustic shrike
 54190 | Depths:1 | Noticed a caustic shrike
 54199 | Depths:1 | Killed a caustic shrike
 54210 | Depths:1 | Killed a caustic shrike
 54351 | Depths:1 | Found Yriopsi's Demolitions Depot.
 54568 | Depths:1 | Reached XP level 22. HP: 255/255 MP: 7/22
 54635 | Depths:2 | Received a gift from Trog
 54636 | Depths:2 | Reached skill level 27 in Fighting
 54762 | Depths:2 | Found an ornate altar of the Wu Jian Council.
 54869 | Depths:2 | Noticed a golden dragon
 54885 | Depths:2 | Killed a golden dragon
 55276 | Depths:2 | Found an iron altar of Okawaru.
 55456 | Depths:2 | Noticed a juggernaut
 55667 | Depths:2 | Received a gift from Trog
 55881 | Depths:2 | Found a bloodstained altar of Trog.
 55984 | Depths:2 | Killed a juggernaut
 56455 | Depths:2 | Found a sparkling altar of Nemelex Xobeh.
 56482 | Depths:2 | Received a gift from Trog
 56881 | Depths:2 | Noticed a golden dragon
 56896 | Depths:2 | Killed a golden dragon
 57035 | Depths:2 | Noticed Asterion
 57049 | Depths:2 | Killed Asterion
 57301 | Depths:3 | Found a one-way gate to the infinite horrors of the Abyss.
 57310 | Depths:3 | Identified the amulet "Deofral" {Rampage Will+ Regen+}
 57338 | Depths:3 | Noticed a golden dragon
 57348 | Depths:3 | Killed a golden dragon
 57355 | Depths:3 | Identified the ring "Teutteq" {Ice rN+ Int+4}
 57355 | Depths:3 | Noticed Josephina
 57583 | Depths:3 | Received a gift from Trog
 57609 | Depths:3 | Noticed Mennas
 57638 | Depths:3 | Killed Mennas
 57700 | Depths:3 | Found a one-way gateway to a ziggurat.
 57766 | Depths:3 | Killed Josephina
 57948 | Depths:3 | Noticed Jory
 57968 | Depths:3 | Killed Jory
 57969 | Depths:3 | Reached XP level 23. HP: 200/264 MP: 7/23
 57982 | Depths:3 | Reached skill level 15 in Throwing
 58642 | Depths:3 | Noticed a dread lich
 58652 | Depths:3 | Killed a dread lich
 59011 | Depths:4 | Entered Level 4 of the Depths
 59030 | Depths:4 | Received a gift from Trog
 59131 | Depths:4 | Noticed a juggernaut
 59144 | Depths:4 | Killed a juggernaut
 60146 | Depths:4 | Identified the +2 pair of boots of the Lost Path {-Tele
                  | rPois Str-5 Dex+8}
 60212 | Depths:4 | Noticed Xtahua
 60231 | Depths:4 | Killed Xtahua
 60446 | Depths:4 | Noticed the Enchantress
 60540 | Depths:4 | Noticed Grunn
 60559 | Depths:4 | Killed Grunn
 60579 | Depths:4 | Killed the Enchantress
 60710 | Depths:4 | Received a gift from Trog
 60786 | Depths:4 | Found a gate to the Realm of Zot.
 61120 | Vaults:5 | Entered Level 5 of the Vaults
 61275 | Vaults:5 | Identified the ring of Zimij {Ice Contam *Slow Str+10
                  | Slay+3}
 61293 | Vaults:5 | Reached XP level 24. HP: 273/273 MP: 7/23
 61314 | Vaults:5 | Identified the staff "Wegifrac" {rPois rN+ Will+ Int-3
                  | Stlth+ Necro}
 61385 | Vaults:5 | Received a gift from Trog
 62121 | Vaults:5 | Received a gift from Trog
 62306 | Vaults:5 | Noticed an ancient lich
 62318 | Vaults:5 | Killed an ancient lich
 62623 | Vaults:5 | Got a silver rune of Zot
 62822 | Vaults:5 | Identified the +2 kite shield "Dalypig" {Str+5}
 63170 | Zot:1    | Entered Level 1 of the Realm of Zot
 63353 | Zot:1    | Noticed an orb of fire
 63358 | Zot:1    | Killed an orb of fire
 63435 | Zot:1    | Identified the +8 ring mail of Wutyijan {Dex+4}
 63608 | Zot:1    | Reached skill level 10 in Stealth
 64424 | Zot:2    | Reached XP level 25. HP: 282/282 MP: 7/23
 64619 | Zot:2    | Received a gift from Trog
 66038 | Zot:3    | Identified the +5 battleaxe "Osipt" {pain, rF+}
 66038 | Zot:3    | Found the +4 dragonskin cloak
 66038 | Zot:3    | Noticed Tiamat
 66214 | Zot:3    | Reached skill level 15 in Stealth
 66265 | Zot:3    | Killed Tiamat
 66992 | Zot:3    | Identified the +0 chain mail of a Gauntlet {Int+7}
 66997 | Zot:3    | Identified the +7 halberd "Nepteid" {protect, rElec rF+
                  | Str-5 SInv}
 67288 | Zot:3    | Identified the +7 sling "Hulk" {drain, rC+ rCorr Int+4}
 67677 | Zot:4    | Received a gift from Trog
 68354 | Zot:5    | Entered Level 5 of the Realm of Zot
 68357 | Zot:5    | Noticed a Killer Klown
 68357 | Zot:5    | Noticed a Killer Klown
 68357 | Zot:5    | Noticed a Killer Klown
 68357 | Zot:5    | Noticed a Killer Klown
 68357 | Zot:5    | Noticed a Killer Klown
 68362 | Zot:5    | Killed a Killer Klown
 68368 | Zot:5    | Killed a Killer Klown
 68370 | Zot:5    | Killed a Killer Klown
 68376 | Zot:5    | Killed a Killer Klown
 68381 | Zot:5    | Killed a Killer Klown
 68631 | Zot:5    | Noticed a Killer Klown
 68631 | Zot:5    | Noticed a Killer Klown
 68631 | Zot:5    | Noticed a dread lich
 68635 | Zot:5    | Noticed an ancient lich
 68637 | Zot:5    | Noticed an ancient lich
 68637 | Zot:5    | Noticed an orb of fire
 68655 | Zot:5    | Gained mutation: You are somewhat resistant to further
                  | mutation. [an orb of fire]
 68659 | Zot:5    | Noticed an orb of fire
 68665 | Zot:5    | Gained mutation: Your mind is acute. (Int +4, Str/Dex -1)
                  | [an orb of fire]
 68673 | Zot:5    | HP: 13/282 [yellow draconian annihilator/+0 long sword[a
                  | green draconian monk] (16)]
 68673 | Zot:5    | Mangled by a green draconian monk

Illustrated notes

.### ...######
....^#.^##
.........#
........#######
#.....###.....###
#....^#.........#
##^ss##.........##
"†.s)#...^.#^...@#
##...')..^###.^..#
#....#....^#....[#
#....##.....^...##*
~....)#....[...^#,*
......###.....###^*
........###'###..#*
.#.#~~...........~#
##.###†.(.........#


Turn 33793 on Spider:4: going to sleep so using this for notes: can go either
hat + res scarf or invis scarf or stay as is

Levels and vault maps discovered:
D:1:      dpeg_arrival_long_road, layout_loops_ring, serial_glass,
          glass_columns_b, glass_columns_a, glass_columns_a, glass_columns_b
D:2:      layout_rooms, ebering_dispersal_statue_hall
D:3:      layout_basic, zin_statuary, ebering_ghost_gozag
D:4:      layout_loops_ring, serial_bayou, serial_bayou_lagoon_a,
          serial_bayou_pond_e, serial_bayou_pond_b, serial_bayou_lake_a,
          kennysheep_cross_room, uniq_natasha, uniq_eustachio, uniq_robin
D:5:      layout_basic, nemelex_dance_club_becter,
          minmay_temple_entry_proselytizer, hangedman_abyss_or_decor_lesser_grid
D:6:      layout_loops_corners, mainiacjoe_overflow_small_starburst,
          lemuel_doored_altar, mainiacjoe_overflow_big_doors,
          lemuel_round_altar, nicolae_ossuary_entry_monument,
          chequers_serial_rivers_micro_a
D:7:      nzn_winding_woodlands_cross [nzn_winding_woodlands_5x15_parted,
          nzn_winding_woodlands_5x15_longhouse,
          nzn_winding_woodlands_5x15_garden, nzn_winding_woodlands_5x15_crooked,
          nzn_winding_woodlands_15x15_five_gardens], layout_rooms,
          grunt_qazlal_sundering, grunt_ministairs_13, patterned_corridor
D:8:      layout_cave_pods, kennysheep_cross_bottleneck, serial_nicolae_subway,
          nicolae_sub_station_crystal, nicolae_sub_station_stone,
          nicolae_sub_station_metal
D:9:      layout_long_grid, grunt_dithmenos_smoke_and_mirrors,
          nicolae_uskayaw_dance_studio, david_lair_generic
D:10:     layout_cave_pools, grunt_gozag_breadcrumbs
D:11:     layout_loops_cross, hiddenorc1_lemuel, uniq_psyche
D:12:     layout_loops_cross, uniq_azrael, uniq_sonja, uniq_maurice
D:13:     nrook_guardian_serpent_snake_passage, layout_gridville,
          ximxim_vaults_locker_room, nicolae_shop_overcharged_wands,
          uniq_erolcha
D:14:     layout_grid_maze, nicolae_eternal_life, glass_columns_a,
          hangedman_decor_points, guppyfry_shop_blood
D:15:     grunt_enter_depths_snipers, layout_rooms, nicolae_water_bricks
Lair:1:   layout_long_grid, gauntlet_entry_generic, basic_altar,
          gammafunk_ghost_ooze
Lair:2:   layout_layer_cave, elwin_shoals_entry_stream
Lair:3:   layout_loops_ring, dummy_spider_entry,
          nzn_masters_of_martial_movement, lemuel_fruit_fields,
          serial_bayou_shore_a, uniq_gastronok, uniq_amaemon
Lair:4:   layout_long_grid, slime_entry_1, lemuel_fruit_tree,
          grunt_megastairs_3, infiniplex_staircase_pool_2
Lair:5:   due_jungle_book, layout_regular_city, uniq_urug
Shoals:1: layout_shoals, serial_shops, shop, shop_fountains,
          nicolae_book_shop_shelving, nicolae_shop_tiny_real_fake_doors,
          nicolae_shop_waterfront, nicolae_shoals_flooded_hall
Shoals:2: layout_shoals, kb_tengu_band
Shoals:3: layout_shoals, serial_shops, nicolae_shop_tiny_real_fake_doors, shop,
          nicolae_shop_hallway_plus, nicolae_shop_tiny_statue_garden, shop,
          uniq_ilsuiw
Shoals:4: shoals_end_hellmonk_storm_palace [storm_palace_center_ruins,
          storm_palace_corner_grid, storm_palace_corner_altar,
          storm_palace_corner_grid, storm_palace_corner_reverse_hut]
Spider:1: nicolae_spider_mines_2, nicolae_spider_circle_web
Spider:2: layout_spider_delve, hangedman_spider_tarantella_strand, uniq_arachne
Spider:3: layout_spider_delve, nicolae_spider_some_kinda_spiderbox
Spider:4: hellmonk_spider_rune_endless_swarm
Orc:1:    nicolae_orc_accident_2, layout_caves, uniq_jorgrun
Orc:2:    grunt_orc_tribal_feast, layout_caves
Elf:1:    nicolae_elf_arrival_no_cutting_in_line, layout_loops_cross,
          hangedman_elven_crosses_minicolossus, laboratory, minmay_shop_grove
Elf:2:    nicolae_elf_blades_splatter_lattice [nooodl_blade_entry_preview],
          layout_rooms, serial_shops, statue_bzr, shop, shop,
          nicolae_shop_stone, nicolae_shop_window_shopping,
          lemuel_upstairs_altar
Elf:3:    minmay_elf_hall_quartered_circle, layout_geoelf_grid,
          nicolae_elf_glass_and_crystal_pillar_1, uniq_zenata
Vaults:1: portal_desolation_entry_ruin, v_misc_10, st_lattice,
          hangedman_vaults_stagger, nicolae_vaults_variable_pillar_hall,
          nicolae_vaults_weapon_check, layout_vaults_omnigrid, serial_shops,
          nicolae_shop_stone
Vaults:2: mu_enter_wizlab_2, minmay_crypt_entry_simple_box,
          nicolae_vaults_prndl, hangedman_vaults_snaps,
          nicolae_vaults_trapezoid_lopsided_4, nicolae_vaults_closet_pinwheel_2,
          nicolae_vaults_little_squares_6, vaults_room_grid,
          nicolae_vaults_little_ls, vaults_mumra_minichess,
          ontoclasm_vaults_loading_screen, nicolae_vaults_specimen_jars,
          nicolae_vaults_tetromino_Z_2, layout_vaults_big_room
Vaults:3: v_misc_16, nicolae_vaults_mitosis, nicolae_vaults_yaktaur_gun_rack,
          v_misc_2, ontoclasm_vaults_misaligned, vaults_mumra_hex,
          nicolae_vaults_ninety_degrees, hangedman_vaults_locks,
          ontoclasm_vaults_ring_small, vaults_room_octagon,
          ontoclasm_vaults_decontamination, layout_vaults_omnicross
Vaults:4: v_misc_32, v_rooms_4, v_pattern_3, vaults_room_hallway,
          nicolae_vaults_swerve, vaults_standard_mumra_x,
          nicolae_vaults_corpse_flower, vaults_room_pools,
          hangedman_vaults_river_flow, nicolae_vaults_storage_closets_3,
          nicolae_vaults_hexular_roomagon, nicolae_vaults_trapezoid_3,
          layout_vaults_omnibox
Vaults:5: serial_shops
Depths:1: layout_cross, hangedman_tar_grid_catacomb, grunt_pan_entry_zigzag,
          kennysheep_small_spiral, dk_noncrumbling_4, nicolae_blasting_shop,
          minmay_misc_feat_columns, kilobyte_rumbling_trees, uniq_sojobo
Depths:2: grunt_profane_halls [grunt_profane_temple_coc,
          grunt_profane_temple_tar, grunt_profane_temple_dis,
          grunt_profane_temple_geh, grunt_profane_loot], pan_entry, hell_entry,
          uniq_asterion
Depths:3: lemuel_traditional_vault, layout_small_grid, enter_ziggurat_f,
          columned_hall_lemuel, hangedman_coc_ice_floe, abyss_entry,
          minmay_staircase_bubble, firewood_loft, uniq_jory, uniq_josephina,
          uniq_mennas
Depths:4: evilmike_zot_entry_hall, layout_small_grid, hell_entry,
          item_on_display_b, uniq_enchantress, uniq_grunn, uniq_xtahua
Zot:1:    layout_gridlike, grunt_megastairs_2
Zot:2:    layout_misc_corridors
Zot:3:    layout_onion_interference, st_grand_hoard_of_tiamat
Zot:4:    layout_onion_interference
Zot:5:    layout_gridlike, drop_trap

Skill      XL: |  1  2  3  4  5  6  7  8  9 10 11 12 13 14 15 16 17 18 19 20 21 22 23 24 25 |
---------------+----------------------------------------------------------------------------+-----
Long Blades    | 4 5 6 7 8 9 11 13 | 13.3
Fighting       | 4 6 9 10 14 16 17 19 21 23 26 27 | 27.0
Evocations     | 2 3 6 8 |  8.0
Dodging        | 4 6 8 10 14 15 20 21 | 21.0
Short Blades   | 4 6 9 11 | 11.2
Shields        | 8 10 12 13 14 15 18 | 18.0
Stealth        | 6 8 11 15 | 15.0
Throwing       | 7 12 14 16 19 20 | 20.0

Action                     |  1- 3 |  4- 6 |  7- 9 | 10-12 | 13-15 | 16-18 | 19-21 | 22-24 | 25-27 || total
---------------------------+-------+-------+-------+-------+-------+-------+-------+-------+-------++-------
  Melee: Long sword        |    90 |   123 |   341 |   973 |   352 |       |       |       |       ||  1879
         Tailslap          |    12 |    14 |    69 |   179 |   717 |   427 |   527 |   758 |   290 ||  2993
         Falchion          |     3 |       |       |       |       |       |       |       |       ||     3
         Punch             |     1 |     2 |     9 |     5 |       |       |       |       |       ||    17
         Rapier            |       |       |    77 |       |       |       |       |       |       ||    77
         Dagger            |       |       |       |    13 |     9 |       |       |       |       ||    22
         Quick blade       |       |       |       |       |  2629 |  1836 |  1860 |  2545 |   860 ||  9730
         Bite              |       |       |       |       |   372 |   324 |   407 |   590 |   221 ||  1914
         Headbutt          |       |       |       |       |   153 |   607 |   772 |  1054 |   408 ||  2994
  Throw: Dart              |       |       |       |    18 |    35 |    11 |       |       |       ||    64
         Boomerang         |       |       |       |       |    13 |    90 |   121 |    12 |     2 ||   238
         Javelin           |       |       |       |       |       |     4 |     6 |       |       ||    10
 Invoke: Berserk           |     1 |     4 |     1 |    15 |     5 |     1 |     1 |       |     1 ||    29
         Trog's Hand       |       |       |       |     2 |     3 |       |       |       |       ||     5
         Brothers in Arms  |       |       |       |     1 |     1 |     2 |       |       |     2 ||     6
Ability: Breathe Acid      |       |       |    27 |    37 |    57 |    65 |    22 |    25 |     3 ||   236
  Evoke: Wand              |       |       |       |     1 |     1 |     5 |       |       |       ||     7
         Phantom mirror    |       |       |       |       |     1 |     1 |       |       |       ||     2
         Tin of tremorston |       |       |       |       |       |     1 |       |       |       ||     1
    Use: Scroll            |     7 |       |     6 |    13 |    12 |    10 |       |     7 |     9 ||    64
         Potion            |       |       |       |     1 |     5 |     1 |       |     3 |     8 ||    18
   Stab: Sleeping          |       |       |     4 |     4 |    19 |    26 |    16 |    19 |    11 ||    99
         Paralysed         |       |       |       |       |     1 |     1 |       |       |       ||     2
         Distracted        |       |       |       |       |       |     9 |    11 |    10 |     6 ||    36
         Invisible         |       |       |       |       |       |       |       |     3 |       ||     3
 Armour: Skin              |    39 |    46 |   167 |   303 |   382 |   200 |    83 |   107 |    61 ||  1388
  Dodge: Dodged            |    68 |    63 |   259 |   600 |   508 |   381 |   432 |   629 |   370 ||  3310
  Block: Kite shield       |       |       |       |   329 |  1121 |   661 |   489 |   638 |   314 ||  3552
         Reflection        |       |       |       |       |    35 |    35 |    49 |    23 |       ||   142

Table legend: (Time is in decaauts)
 A = Elapsed time spent in this place.
 B = Non-inter-level travel time spent in this place.
 C = Inter-level travel time spent in this place.
 D = Time resting spent in this place.
 E = Time spent auto-exploring this place.
 F = Levels seen in this place.
 G = Mean time per level.
                   A        B        C        D        E       F      G
               +--------+--------+--------+--------+--------+-----+--------+
         Total |  66999 |  61658 |   5341 |  19747 |  24680 |  51 | 1313.7 |
       Dungeon |  18624 |  16715 |   1909 |   4723 |   8490 |  15 | 1241.6 |
          Lair |   7568 |   6924 |    644 |   2269 |   2940 |   5 | 1513.6 |
        Shoals |   4731 |   4445 |    286 |   1410 |   1600 |   4 | 1182.8 |
   Spider Nest |   6901 |   6528 |    373 |   2901 |   1659 |   4 | 1725.2 |
  Orcish Mines |   2920 |   2764 |    156 |   1314 |    847 |   2 | 1460.0 |
   Elven Halls |   4533 |   4335 |    198 |   1811 |   1461 |   3 | 1511.0 |
        Vaults |   7113 |   6536 |    577 |   1191 |   3280 |   5 | 1422.6 |
        Depths |   6461 |   5886 |    575 |   2024 |   1811 |   4 | 1615.2 |
           Zot |   5090 |   4472 |    618 |    910 |   2163 |   5 | 1018.0 |
       Ossuary |    207 |    207 |      0 |     19 |      0 |   1 |  207.0 |
        Wizlab |   1553 |   1553 |      0 |    900 |     60 |   1 | 1553.0 |
    Desolation |   1060 |   1060 |      0 |    227 |    274 |   1 | 1060.0 |
      Gauntlet |    232 |    232 |      0 |     44 |     94 |   1 |  232.0 |
               +--------+--------+--------+--------+--------+-----+--------+

Top non-repeatable levels by time:
Depths:2: 2548 daAuts
    D:13: 2342 daAuts
Spider:1: 2192 daAuts
   Elf:3: 2192 daAuts
Spider:4: 2151 daAuts
   Zot:3: 2024 daAuts
  Lair:3: 1855 daAuts
   Orc:1: 1847 daAuts
     D:7: 1799 daAuts
Vaults:1: 1737 daAuts
  Lair:5: 1649 daAuts
   Elf:1: 1567 daAuts
  Lair:4: 1561 daAuts
  WizLab: 1553 daAuts
Vaults:5: 1547 daAuts
